 Dungeon Crawl Stone Soup version 0.25-a0-565-g8875c97ebb (webtiles) character file.

Game seed: 10850104220423143462, levelgen mode: deterministic

6015 Lugonue the Thaumaturge (level 10, 0/47 HPs)
             Began as a Felid Venom Mage on Feb 26, 2020.
             Was an Elder of Vehumet.
             Slain by a slime creature (13 damage)
             ... on level 11 of the Dungeon.
             The game lasted 00:45:44 (13981 turns).

Lugonue the Thaumaturge (Felid Venom Mage)         Turns: 13981, Time: 00:45:45

Health: 0/47       AC:  6    Str:  6    XL:     10   Next: 56%
Magic:  22/26      EV: 21    Int: 20    God:    Vehumet [****..]
Gold:   538        SH:  4    Dex: 17    Spells: 2/32 levels left
                                        Lives:  0   Deaths: 3

rFire    x . .     SeeInvis +     - Unarmed
rCold    + . .     Gourm    .   (shield unavailable)
rNeg     . . .     Faith    .   (armour unavailable)
rPois    +         Spirit   .   (helmet unavailable)
rElec    .         Reflect  +   (cloak unavailable)
rCorr    .         Harm     .   (gloves unavailable)
MR       +....                  (boots unavailable)
Stlth    +++++.....             s - +4 amulet of reflection
HPRegen  0.15/turn              l - ring of ice
MPRegen  0.20/turn              u - ring "Kucaf" {rPois SInv}

@: quick
A: very small, no armour, no weapons or thrown items, stealth, claws 1, fangs 3,
molten scales 1, slimy green scales 1, see invisible, carnivore, speed 1, shaggy
fur 2, slow metabolism 1, strong 1, sharp paws
a: Renounce Religion


You were on level 11 of the Dungeon.
You worshipped Vehumet.
Vehumet was greatly pleased with you.
You were not hungry.

You visited 1 branch of the dungeon, and saw 13 of its levels.

You collected 538 gold pieces.

Inventory:

Jewellery
 l - a ring of ice (left paw)
 s - a +4 amulet of reflection (around neck)
 u - the ring "Kucaf" (right paw) {rPois SInv}
   (You took it off a hobgoblin on level 12 of the Dungeon)

   [ring of poison resistance]

   It protects you from poison.
   It lets you see invisible.
Wands
 g - a wand of flame (17)
 k - a wand of acid (10)
 m - a wand of paralysis (11)
 n - a wand of iceblast (9)
 t - a wand of digging (5)
 w - a wand of enslavement (7)
Scrolls
 e - 8 scrolls of identify
 o - 3 scrolls of teleportation
 v - 3 scrolls of remove curse
Potions
 a - a potion of resistance
 c - 2 potions of heal wounds
 d - 5 potions of stabbing
 h - 2 potions of curing
 i - a potion of might
 j - a potion of cancellation
 p - a potion of haste
 q - 3 potions of ambrosia
 r - a potion of degeneration
Comestibles
 b - 26 rations


   Skills:
 * Level 7.4 Fighting
 + Level 5.6 Dodging
 * Level 10.2 Stealth
 + Level 4.1 Unarmed Combat
 * Level 11.6 Spellcasting
 + Level 2.2 Conjurations
 + Level 5.1 Transmutations
 + Level 2.0 Fire Magic
 + Level 1.0 Ice Magic
 + Level 4.7 Air Magic
 - Level 7.0 Poison Magic


You had 2 spell levels left.
You knew the following spells:

 Your Spells              Type           Power        Failure   Level  Hunger
a - Sting                 Tmut/Pois      ####         1%          1    None
b - Poisonous Vapours     Pois/Air       #####.       1%          2    None
c - Olgreb's Toxic Radia  Pois           #####...     1%          4    #......
d - Ignite Poison         Fire/Tmut/Pois ####....     1%          3    None
e - Mephitic Cloud        Conj/Pois/Air  ####....     1%          3    None
f - Shock                 Conj/Air       ####         1%          1    None
g - Freeze                Ice            ###.         1%          1    None
h - Hailstorm             Conj/Ice       ####....     9%          4    #......
i - Lee's Rapid Deconstr  Erth           ##........   38%         5    ####...
j - Freezing Cloud        Conj/Ice/Air   ####......   58%         6    ######.

Your spell library contained the following spells:

 Spells                   Type           Power        Failure   Level  Hunger
 Animate Skeleton         Necr           N/A          6%          1    None
 Conjure Flame            Conj/Fire      ###.....     2%          3    None
 Ring of Flames           Chrm/Fire      ###.......   100%        7    #######


Dungeon Overview and Level Annotations

Branches:
Dungeon (13/15)            Temple (0/1) D:6            Lair (0/6) D:9
    Orc (0/2) D:12
 Vaults: D:13-14

Altars:
Ashenzari
Cheibriados
Dithmenos
Elyvilon
Gozag
Kikubaaqudgha
Qazlal
Sif Muna
Trog
Uskayaw
Vehumet
Xom
The Shining One

Shops:
D:11 (

Annotations:
D:6 2 transporters, robertstho's ghost, novice DDFi
D:12 1 runed translucent door


Innate Abilities, Weirdness & Mutations

You cannot wear armour.
You are incapable of wielding weapons or throwing items.
Your paws allow you to move quietly. (Stealth)
You have sharp claws.
You have razor-sharp teeth.
You have supernaturally acute eyesight. (SInv)
You are carnivorous and can eat meat at any time.
You cover ground quickly.
You are covered in thick fur. (AC +2)
You have a slow metabolism.
Your sharp claws are effective at attacking unaware monsters.
You are partially covered in molten scales. (AC +2)
You are partially covered in slimy green scales. (AC +2)
Your muscles are strong. (Str +2)


Message History

* * * LOW HITPOINT WARNING * * *
Casting: Shock (safe; 1% risk of failure)
Confirm with . or Enter, or press ? or * to list all spells.
Aiming: Shock (safe; 1% risk of failure)
Press: ? - help, Shift-Dir - straight line The zap hits the slime creature.
The slime creature is heavily wounded.
The zap hits the slime creature.
The slime creature is heavily wounded.
You block the slime creature's attack.
Casting: Shock (safe; 1% risk of failure)
Confirm with . or Enter, or press ? or * to list all spells.
Aiming: Shock (safe; 1% risk of failure)
Press: ? - help, Shift-Dir - straight line The zap hits the slime creature!
The slime creature is heavily wounded.
The zap hits the slime creature.
The slime creature is severely wounded.
The slime creature hits you!
You die...

############# ############
............# #..........###
...(.......<# ####..........'))
............#
##..'..........###
............# #.J##".........#
............####@###......."..#
......}.?...'....# #########'##
............###### #..#
##'########## ##.# #.#### #.#
#....# #.# ####.# ##########.##
####'######### ####...[.......#
#......(.....###..............#


You could see a slime creature.

Vanquished Creatures
  Harold (D:9)
  A centaur warrior (D:13)
  Erica (D:11)
  7 two-headed ogres
  2 unseen horrors
  Pikel (D:7)
  A cyclops (D:12)
  A centaur zombie (D:12)
  2 gargoyles
  A troll (D:12)
  A meliai zombie (D:10)
  3 hippogriffs
  A shadow (D:12)
  A wraith (D:9)
  A yak (D:9)
  A warg (D:12)
  Duvessa (D:4)
  2 orc warriors
  3 porcupines (D:9)
  2 ice beasts
  A sky beast (D:10)
  3 black bears
  6 centaurs
  5 ogres
  3 wolves (D:9)
  4 crocodiles
  Dowan (D:4)
  3 bullfrogs
  5 scorpions
  7 wights
  21 killer bees
  2 howler monkeys
  4 crimson imps
  2 bullfrog zombies
  A bullfrog skeleton (D:11)
  6 jellies
  10 orc wizards
  8 orc priests
  4 centaur skeletons
  6 hounds
  Jessica (D:2)
  A gnoll shaman (D:5)
  3 iguanas
  Terence (D:2)
  4 worker ants
  A hound zombie (D:11)
  Robin (D:2)
  2 howler monkey skeletons (D:11)
  8 adders
  12 gnolls
  8 oozes
  2 adder skeletons
  A worm (D:2)
  2 dart slugs
  6 leopard geckos
  31 orcs
  3 ball pythons
  3 giant cockroaches
  19 goblins
  11 hobgoblins
  15 jackals
  5 kobolds
  2 quokkas
  7 bats
  4 frilled lizards
  4 rats
293 creatures vanquished.

Vanquished Creatures (others)
  A plant (D:9)
1 creature vanquished.

Grand Total: 294 creatures vanquished

Notes
Turn   | Place    | Note
-------+----------+-------------------------------------------
     0 | D:1      | Lugonue the Felid Venom Mage began the quest for the Orb.
     0 | D:1      | Reached XP level 1. HP: 7/7 MP: 4/4
    80 | D:1      | Reached XP level 2. HP: 8/11 MP: 1/6
  1175 | D:2      | Noticed Terence
  1190 | D:2      | Reached XP level 3. HP: 7/14 MP: 2/7
  1207 | D:2      | Killed Terence
  1403 | D:2      | Found a radiant altar of Vehumet.
  1442 | D:2      | Reached XP level 4. HP: 15/18 MP: 5/9
  1503 | D:2      | Learned a level 2 spell: Poisonous Vapours
  1520 | D:2      | Reached skill level 3 in Spellcasting
  1553 | D:2      | Noticed Robin
  1574 | D:2      | Learned a level 4 spell: Olgreb's Toxic Radiance
  1583 | D:2      | Slain by a goblin
  1584 | D:2      | Reached XP level 3. HP: 0/14 MP: 1/8
  1646 | D:2      | Reached skill level 1 in Unarmed Combat
  1646 | D:2      | Reached XP level 4. HP: 18/18 MP: 5/9
  1721 | D:2      | Killed Robin
  2458 | D:3      | Reached XP level 5. HP: 14/21 MP: 0/11
  2567 | D:3      | Found a glowing golden altar of the Shining One.
  2779 | D:3      | Found a shattered altar of Ashenzari.
  2940 | D:2      | Became a worshipper of Vehumet
  2955 | D:2      | Noticed Jessica
  2963 | D:2      | Killed Jessica
  3237 | D:3      | Found a bloodstained altar of Trog.
  3484 | D:3      | Found an ancient bone altar of Kikubaaqudgha.
  3485 | D:3      | Found a shimmering blue altar of Sif Muna.
  3487 | D:3      | Found a radiant altar of Vehumet.
  3489 | D:3      | Identified Kikubaaqudgha's Tome of Necromancy
  3736 | D:4      | Found a stormy altar of Qazlal.
  3749 | D:4      | Reached skill level 4 in Spellcasting
  3779 | D:4      | Noticed Dowan
  3779 | D:4      | Noticed Duvessa
  3788 | D:4      | Gained mutation: You are covered in thick fur. (AC +2)
                  | [Felid growth]
  3788 | D:4      | Reached XP level 6. HP: 25/25 MP: 6/13
  3801 | D:4      | Gained mutation: You are partially covered in molten
                  | scales. (AC +2) [potion of mutation]
  3801 | D:4      | Gained mutation: Your muscles are strong. (Str +2) [potion
                  | of mutation]
  3801 | D:4      | Gained mutation: You are partially covered in slimy green
                  | scales. (AC +2) [potion of mutation]
  3823 | D:4      | Killed Duvessa
  3823 | D:4      | Reached skill level 1 in Fighting
  3834 | D:4      | Killed Dowan
  4094 | D:4      | Learned a level 3 spell: Ignite Poison
  4098 | D:4      | Learned a level 3 spell: Mephitic Cloud
  4387 | D:5      | Entered Level 5 of the Dungeon
  4416 | D:5      | Found a shimmering altar of Xom.
  4673 | D:5      | Reached XP level 7. HP: 19/28 MP: 3/15
  4673 | D:5      | Reached * piety under Vehumet
  4673 | D:5      | Offered knowledge of Shock by Vehumet.
  4697 | D:5      | Learned a level 1 spell: Shock
  4854 | D:5      | Reached skill level 5 in Spellcasting
  4941 | D:5      | Reached skill level 5 in Stealth
  5520 | D:5      | Reached skill level 1 in Air Magic
  5545 | D:6      | Reached XP level 8. HP: 24/34 MP: 3/17
  5729 | D:6      | Found a white marble altar of Elyvilon.
  5981 | D:6      | Reached skill level 6 in Spellcasting
  6024 | D:6      | Found a transporter.
  6027 | D:6      | Found a staircase to the Ecumenical Temple.
  6163 | D:6      | Found a transporter.
  6217 | D:6      | Noticed robertstho's ghost (novice DDFi)
  6730 | D:7      | Noticed Pikel
  6735 | D:7      | Killed Pikel
  6735 | D:7      | Reached skill level 7 in Spellcasting
  6735 | D:7      | Reached skill level 1 in Conjurations
  6902 | D:7      | Found a snail-covered altar of Cheibriados.
  7040 | D:8      | Reached skill level 5 in Poison Magic
  7040 | D:8      | Reached XP level 9. HP: 36/38 MP: 9/20
  7084 | D:8      | Found an opulent altar of Gozag.
  7897 | D:8      | Noticed a two-headed ogre
  7902 | D:8      | Killed a two-headed ogre
  7902 | D:8      | Reached skill level 8 in Spellcasting
  7902 | D:8      | Reached skill level 1 in Fire Magic
  8023 | D:8      | Offered knowledge of Freeze by Vehumet.
  8026 | D:8      | Learned a level 1 spell: Freeze
  8125 | D:8      | Reached ** piety under Vehumet
  8325 | D:9      | Noticed a two-headed ogre
  8331 | D:9      | Killed a two-headed ogre
  8331 | D:9      | Reached XP level 10. HP: 43/43 MP: 14/23
  8436 | D:9      | Noticed a cyclops
  8498 | D:9      | Found a staircase to the Lair.
  8516 | D:9      | Reached skill level 5 in Fighting
  8737 | D:9      | Reached skill level 9 in Spellcasting
  8888 | D:9      | Offered knowledge of Static Discharge by Vehumet.
  8897 | D:9      | Found a shadowy altar of Dithmenos.
  8955 | D:9      | Noticed Harold
  9308 | D:9      | Killed Harold
  9308 | D:9      | Reached *** piety under Vehumet
  9685 | D:9      | Found a hide-covered altar of Uskayaw.
  9711 | D:10     | Entered Level 10 of the Dungeon
  9978 | D:10     | Noticed a two-headed ogre
  9983 | D:10     | Killed a two-headed ogre
  9983 | D:10     | Reached skill level 10 in Spellcasting
 10037 | D:10     | Noticed an unseen horror
 10041 | D:10     | Killed an unseen horror
 10041 | D:10     | Reached XP level 11. HP: 48/48 MP: 17/26
 10164 | D:10     | Offered knowledge of Hailstorm by Vehumet.
 11227 | D:11     | Reached skill level 5 in Dodging
 11252 | D:11     | Learned a level 4 spell: Hailstorm
 11609 | D:11     | Noticed Erica
 11614 | D:11     | Killed Erica
 11740 | D:11     | Reached **** piety under Vehumet
 11753 | D:11     | Offered knowledge of Lee's Rapid Deconstruction by Vehumet.
 11759 | D:11     | Noticed a two-headed ogre
 11772 | D:11     | Killed a two-headed ogre
 12120 | D:11     | Found Seemmur's Weapon Boutique.
 12216 | D:12     | Found a gate leading to a gauntlet.
 12229 | D:12     | Noticed a seven-headed hydra
 12242 | D:13     | Noticed a centaur warrior
 12250 | D:13     | Killed a centaur warrior
 12304 | D:13     | Noticed a two-headed ogre
 12477 | D:13     | Killed a two-headed ogre
 12477 | D:13     | Reached skill level 11 in Spellcasting
 12759 | D:12     | Noticed a two-headed ogre
 12782 | D:12     | Found a runed translucent door.
 12784 | D:12     | Noticed a sixfirhy
 13074 | D:12     | Noticed a two-headed ogre
 13081 | D:12     | Noticed a two-headed ogre
 13086 | D:12     | Killed a two-headed ogre
 13089 | D:12     | Splashed by an acid dragon's acid
 13090 | D:12     | Reached XP level 10. HP: 0/46 MP: 20/26
 13110 | D:12     | Learned a level 5 spell: Lee's Rapid Deconstruction
 13124 | D:12     | Killed a two-headed ogre
 13124 | D:12     | Reached skill level 10 in Stealth
 13124 | D:12     | Reached XP level 11. HP: 44/50 MP: 24/27
 13129 | D:12     | Reached skill level 5 in Transmutations
 13160 | D:12     | Mangled by a seven-headed hydra
 13161 | D:12     | Reached XP level 10. HP: -7/47 MP: 25/26
 13240 | D:11     | Learned a level 6 spell: Freezing Cloud
 13347 | D:12     | Identified the ring "Kucaf" {rPois SInv}
 13375 | D:12     | HP: 2/47 [cyclops/large rock (35)]
 13384 | D:12     | Killed a cyclops
 13414 | D:12     | Noticed an unseen horror
 13419 | D:12     | Killed an unseen horror
 13419 | D:12     | Reached skill level 1 in Ice Magic
 13446 | D:12     | Noticed a cyclops
 13981 | D:11     | Slain by a slime creature

Levels and vault maps discovered:
D:1:      erik_arrival_blinker_ship, layout_basic
D:2:      layout_rooms, lemuel_tele_altar, uniq_jessica, uniq_terence,
          uniq_robin, uniq_crazy_yiuf_cottage
D:3:      layout_basic, grunt_temple_overflow_magic_moments, lemuel_round_altar,
          cheibrodos_ashenzari_chains, nicolae_overflow_hidden_temple,
          first_ration
D:4:      layout_rooms, nicolae_qazlal_general_emergency, minivault_25,
          uniq_duvessa
D:5:      layout_rooms, overflow_temple_1_default
D:6:      layout_cave_pods, elyvilon_altar_3, minmay_temple_entry_ruins,
          gammafunk_ghost_stat_death
D:7:      layout_basic, cheibriados_altar_1, uniq_pikel
D:8:      layout_basic, grunt_gozag_breadcrumbs, chequers_serial_rivers_small_b,
          supply_closet_lemuel
D:9:      cheibrodos_elevator_heist, layout_rooms, kennysheep_mini,
          overflow_temple_1_default, minmay_lair_entry_grove,
          hangedman_little_slice_of_home, minmay_alternating_orb, uniq_harold
D:10:     layout_basic
D:11:     layout_roguey, serial_shops, shop, nrook_mini_backslash, uniq_erica
D:12:     cheibrodos_shockbox, layout_cave_pools, erik_orc_3,
          gauntlet_entry_generic
D:13:     due_megacathedral, layout_basic, ximxim_vaults_locker_room

Skill      XL: |  1  2  3  4  5  6  7  8  9 10 11 |
---------------+----------------------------------+-----
Poison Magic   | 3 4 5 6 7 |  7.0
Dodging        | 3 4 5 |  5.6
Stealth        | 3 4 5 6 7 10 9 | 10.2
Transmutations | 2 3 4 5 |  5.1
Spellcasting   | 3 4 5 7 8 10 11 | 11.6
Unarmed Combat | 1 2 4 3 |  4.1
Fighting       | 1 2 3 4 7 6 |  7.4
Air Magic      | 1 2 3 4 |  4.7
Conjurations   | 1 2 |  2.2
Fire Magic     | 1 2 |  2.0
Ice Magic      | 1 |  1.0

Action                   |  1- 3 |  4- 6 |  7- 9 | 10-12 || total
-------------------------+-------+-------+-------+-------++-------
Melee: Unarmed           |    43 |    98 |    50 |   219 ||   410
       Bite              |     3 |     8 |     7 |    26 ||    44
       Punch             |       |       |       |     1 ||     1
 Cast: Sting             |    25 |    35 |     6 |    15 ||    81
       Olgreb's Toxic Ra |     1 |     4 |     4 |    23 ||    32
       Poisonous Vapours |       |    25 |    55 |    97 ||   177
       Shock             |       |       |    56 |   102 ||   158
       Ignite Poison     |       |       |    14 |    37 ||    51
       Mephitic Cloud    |       |       |     1 |     9 ||    10
       Freeze            |       |       |       |    23 ||    23
       Hailstorm         |       |       |       |    13 ||    13
Evoke: Wand              |       |       |       |     1 ||     1
  Use: Potion            |     1 |     6 |       |     3 ||    10
       Scroll            |       |     5 |    10 |     8 ||    23
 Stab: Sleeping          |     4 |     7 |     3 |     4 ||    18
       Paralysed         |       |       |       |     2 ||     2
  Eat: Chunk             |     7 |    13 |     7 |     6 ||    33
Armor: Skin              |     4 |     7 |    14 |    53 ||    78
Dodge: Dodged            |    43 |   123 |    65 |   316 ||   547
Block: Other             |       |       |       |    33 ||    33
       Reflection        |       |       |       |     1 ||     1

Table legend:
 A = Non-vault XP
 B = Vault XP
 C = Vault XP percentage of total XP
 D = Non-vault monster count
 E = Vault monster count
 F = Vault count percentage of total count
                 A         B        C        D         E       F
            +---------+---------+-------+---------+---------+-------
      Total |   18695 |    6417 |  25.6 |     230 |      63 |  21.5
            +---------+---------+-------+---------+---------+-------
        D:1 |      35 |       0 |   0.0 |      19 |       0 |   0.0
        D:2 |     137 |     108 |  44.1 |      21 |      14 |  40.0
        D:3 |      82 |       0 |   0.0 |      31 |       0 |   0.0
        D:4 |     190 |     219 |  53.5 |       5 |       2 |  28.6
        D:5 |     706 |       0 |   0.0 |      17 |       0 |   0.0
        D:6 |     302 |       0 |   0.0 |      10 |       0 |   0.0
        D:7 |     317 |     629 |  66.5 |       7 |       1 |  12.5
        D:8 |    2153 |      50 |   2.3 |      15 |       1 |   6.2
        D:9 |     864 |    4029 |  82.3 |      15 |      32 |  68.1
       D:10 |    3006 |       0 |   0.0 |      18 |       0 |   0.0
       D:11 |    2381 |     910 |  27.7 |      38 |       2 |   5.0
       D:12 |    6338 |     472 |   6.9 |      25 |      11 |  30.6
       D:13 |    2184 |       0 |   0.0 |       9 |       0 |   0.0
            +---------+---------+-------+---------+---------+-------
